 Dungeon Crawl Stone Soup version 0.31-a0-986-g5e6e4ef867 (webtiles) character file.

Game seed: 18201058222060098981

241 Strat the Grave Robber (level 6, -1/45 HPs)
             Began as a Hill Orc Necromancer on Nov 21, 2023.
             Slain by a black bear (4 damage)
             ... on level 4 of the Dungeon.
             The game lasted 00:09:29 (3422 turns).

Strat the Grave Robber (Hill Orc Necromancer)       Turns: 3422, Time: 00:09:30

Health: -1/45      AC:  3    Str: 11    XL:     6   Next: 8%
Magic:  0/9        EV: 12    Int: 17    God:
Gold:   152        SH:  0    Dex: 11    Spells: 1/9 levels left

rFire   . . .        a - +0 dagger (elec)
rCold   . . .        (no shield)
rNeg    . . .        e - +0 robe
rPois   .            (no helmet)
rElec   .            n - +0 cloak
rCorr   +            (no gloves)
SInv    .            (no boots)
Will    .....        h - amulet of guardian spirit
Stlth   ++           d - ring of resist corrosion
HPRegen 0.27/turn    (no ring)
MPRegen 0.11/turn

%: guardian spirit
@: mighty
A: no striking features
a: no special abilities


You were on level 4 of the Dungeon.
You visited 1 branch of the dungeon, and saw 5 of its levels.

You collected 152 gold pieces.

Inventory:

Hand Weapons
 a - a +0 dagger of electrocution (weapon)
Armour
 e - a +0 robe (worn)
 n - a +0 cloak (worn)
Jewellery
 d - a ring of resist corrosion (left hand)
 h - an amulet of guardian spirit (around neck)
 m - a ring of flight
Scrolls
 f - a scroll of poison
 g - a scroll of brand weapon
Potions
 c - 2 potions of resistance
 i - a potion of heal wounds
 o - 2 potions of curing {unknown}
 p - a potion of attraction {unknown}


   Skills:
 - Level 1.5 Dodging
 + Level 2.5 Stealth
 + Level 2.2 Spellcasting
 + Level 6.4 Necromancy


You had one spell level left.
You knew the following spells:

 Your Spells              Type           Power      Damage    Failure   Level
a - Necrotise             Necr           92%        1d8       1%          1
b - Vampiric Draining     Necr           23%        2d7       4%          3
c - Animate Dead          Necr           23%        N/A       14%         4

Your spell library contained the following spells:

 Spells                   Type           Power      Damage    Failure   Level
 Lesser Beckoning         Tloc           2%         N/A       28%         2
 Agony                    Necr           23%        N/A       36%         5
 Gell's Gravitas          Tloc           1%         N/A       50%         3
 Teleport Other           Tloc           1%         N/A       50%         3


Dungeon Overview and Level Annotations

Branches:
Dungeon (5/15)
 Temple: D:4-7

Altars:
Ashenzari
Elyvilon
Nemelex Xobeh
Qazlal
The Shining One

Shops:
D:1 [[[

Portals:
Ossuary: D:5

Annotations:
D:2 Sigmund
D:3 Pargi, Terence
D:4 3 runed translucent doors


Message History

The black bear claws you.
* * * LOW HITPOINT WARNING * * *
The black bear claws you.
* * * LOW HITPOINT WARNING * * *
Casting: Vampiric Draining (dangerous; 4% risk of failure)
Confirm with . or Enter, or press ? or * to list all spells.
Aiming: Vampiric Draining (dangerous; 4% risk of failure)
Press: ? - help, Shift-Dir - straight line, f/p - black bear
Aim: a black bear (severely wounded, berserk)
You draw life force from the black bear.
You feel life coursing into your body. The black bear bites you.
* * * LOW HITPOINT WARNING * * *
The black bear claws you.
* * * LOW HITPOINT WARNING * * *
The black bear claws you.
* * * LOW HITPOINT WARNING * * *
Casting: Vampiric Draining (dangerous; 4% risk of failure)
Confirm with . or Enter, or press ? or * to list all spells.
You don't have enough magic to cast this spell.
Unknown command.
Unknown command.
Okay, then.
You feel much better. The black bear closely misses you.
The black bear claws you but does no damage.
The black bear claws you. The black bear closely misses you. x2
The black bear claws you.
* * * LOW HITPOINT WARNING * * *
You feel very mighty all of a sudden. The black bear bites you!
* * * LOW HITPOINT WARNING * * *
The black bear claws you.
* * * LOW HITPOINT WARNING * * *
The black bear claws you.
* * * LOW HITPOINT WARNING * * *
You barely miss the black bear.
The black bear is almost dead.
The black bear bites you!
* * * LOW HITPOINT WARNING * * *
The black bear barely misses you. The black bear claws you.
You die...

.## #.......##.# *,,,,**,*,,,,,
,# ##.....###.# *,*,,**,******
.### #.....†...# *,,<***,* +###
#####)##### **,****,* * ..## #.#
*,,,,,,* ** ...## #####.#####
*,****** **, ....## #.........#
*,**,** **,,
.....###.....###.####.#.,,****,,,
.....+..........@h......,,,,,+,,,
.....###.....###.###....,,****,,,
....## #.#.#.# #.# *,,.#,** **,,
..>## #.###.###.# **,**** **,
..## #..Z......# *,* ** +###
#####.##### *,* * .### #.# *,*
.######## #.# *,**********
.##.....# #.# *,*,,,,,,,,**


You could see a black bear (berserk).

Vanquished Creatures
  A hound (D:5)
  2 iguanas
  Natasha (thrice) (D:2)
  A gnoll (D:4)
  An adder (D:2)
  A worm (D:2)
  8 bats
  3 endoplasms
  5 giant cockroaches
  8 hobgoblins
  7 jackals
  4 ball pythons
  4 frilled lizards
  A goblin (D:1)
  4 kobolds
  7 rats
60 creatures vanquished.

Vanquished Creatures (collateral kills)
  A dart slug (D:1)
  A giant cockroach (D:1)
  A hobgoblin (D:1)
  A frilled lizard (D:1)
  A rat (D:1)
5 creatures vanquished.

Grand Total: 65 creatures vanquished

Notes
Turn   | Place    | Note
-------+----------+-------------------------------------------
     0 | D:1      | Strat the Hill Orc Necromancer began the quest for the Orb.
     0 | D:1      | Reached XP level 1. HP: 14/14 MP: 3/3
   330 | D:1      | Reached XP level 2. HP: 20/20 MP: 1/4
   461 | D:1      | Found Opifaorph's Antique Armour Emporium.
   679 | D:1      | Reached XP level 3. HP: 26/26 MP: 5/5
   799 | D:1      | Reached skill level 5 in Necromancy
   882 | D:1      | Found Duleskaj's Armour Emporium.
  1056 | D:1      | Found Xialotra's Antique Armour Boutique.
  1596 | D:2      | Reached XP level 4. HP: 33/33 MP: 6/6
  1616 | D:2      | Noticed Sigmund
  1943 | D:2      | Noticed Natasha
  1950 | D:2      | Killed Natasha
  2386 | D:3      | Noticed Pargi
  2409 | D:2      | Noticed Natasha
  2613 | D:2      | Learned a level 3 spell: Vampiric Draining
  2618 | D:2      | Killed Natasha
  2619 | D:2      | Reached skill level 6 in Necromancy
  2619 | D:2      | Reached XP level 5. HP: 31/38 MP: 1/7
  2661 | D:2      | Noticed Natasha
  2675 | D:2      | Killed Natasha
  2737 | D:3      | Noticed Terence
  2749 | D:3      | You fall into a shaft and drop 2 floors!
  2749 | D:5      | Entered Level 5 of the Dungeon
  2875 | D:5      | Found a sand-covered staircase.
  2881 | D:5      | Noticed an ogre
  2939 | D:5      | Found a glowing golden altar of the Shining One.
  2940 | D:5      | Found a stormy altar of Qazlal.
  2954 | D:5      | Found a sparkling altar of Nemelex Xobeh.
  3005 | D:5      | Found a broken altar of Ashenzari.
  3006 | D:5      | Found a white marble altar of Elyvilon.
  3015 | D:5      | Noticed a black bear
  3158 | D:4      | Reached XP level 6. HP: 38/45 MP: 3/9
  3172 | D:4      | Learned a level 4 spell: Animate Dead
  3279 | D:4      | Found a runed translucent gate.
  3282 | D:4      | Found a runed translucent gate.
  3282 | D:4      | Found a runed translucent gate.
  3422 | D:4      | Slain by a black bear

Illustrated notes

Levels and vault maps discovered:
D:1:      sevenhm_arrival_forest_fort_small_4, layout_basic, serial_shops,
          nicolae_shop_temple_entry_statues_fountains, shop_fountains,
          shop_statue, eino_curves_03, roderic_filled_cross, minmay_pentomino_o4
D:2:      layout_loops_ring, uniq_natasha, uniq_sigmund
D:3:      layout_rooms, hellmonk_ecumenical_altar_defaced_shrine, uniq_ijyb,
          uniq_terence, uniq_pargi
D:4:      layout_loops_corners, ebering_ghost_rock_garden,
          minmay_three_crescents
D:5:      layout_rooms, vehumet_statue, grunt_temple_overflow_open,
          nicolae_ossuary_entry_plus, serial_shops, kennysheep_little_box

Skill      XL: |  1  2  3  4  5 |
---------------+----------------+-----
Necromancy     | 5 6 |  6.4
Stealth        | 2 |  2.5
Spellcasting   | 2 |  2.2
Dodging        | |  1.5

Action                     |  1- 3 |  4- 6 || total
---------------------------+-------+-------++-------
  Melee: Unarmed           |    11 |       ||    11
         Dagger            |    44 |    97 ||   141
         Punch             |     1 |       ||     1
   Cast: Necrotise         |    50 |    32 ||    82
         Vampiric Draining |       |     2 ||     2
    Use: Scroll            |       |     9 ||     9
         Potion            |       |     3 ||     3
   Stab: Sleeping          |     5 |     4 ||     9
 Armour: Robe              |    50 |   115 ||   165
  Dodge: Dodged            |    48 |   107 ||   155

Table legend: (Time is in decaauts)
 A = Elapsed time spent in this place.
 B = Non-inter-level travel time spent in this place.
 C = Inter-level travel time spent in this place.
 D = Time resting spent in this place.
 E = Time spent auto-exploring this place.
 F = Levels seen in this place.
 G = Mean time per level.
                   A        B        C        D        E       F      G
               +--------+--------+--------+--------+--------+-----+--------+
         Total |   3442 |   3200 |    242 |    528 |   1619 |   5 |  688.4 |
       Dungeon |   3442 |   3200 |    242 |    528 |   1619 |   5 |  688.4 |
               +--------+--------+--------+--------+--------+-----+--------+

Top non-repeatable levels by time:
     D:1: 1509 daAuts
     D:2: 1163 daAuts
     D:5: 381 daAuts
     D:4: 291 daAuts
     D:3: 97 daAuts
